Map: Oceanborn LE

Players

Bunny - Winner!

  • Race: Terran Terran
  • Spawn Location: 5:00

DKZJieShi (Jieshi)

  • Race: Protoss Protoss
  • League: Master
  • Spawn Location: 11:00

Event: IEM Katowice 2024

VOD

Have the link to the VOD?

Description

Time

  • Played on: Dec. 8, 2023, 1:11 p.m.
  • Length: 21:00

All games in this series

Show
View Real Time Build Order
Export as new Build Order

Bunny Terran - Winner!

Build Orders: Reaper Expand 

Get SALT Encoding   

  12  0:00  SCV  
  13  0:12  SCV  
  14  0:17  Supply Depot  
  14  0:25  SCV  
  15  0:39  SCV  
  15  0:40  Barracks  
  15  0:42  Refinery  
  16  0:51  SCV  
  17  1:03  SCV  
  18  1:15  SCV  
  19  1:27  Orbital Command, Reaper  
  20  1:38  Command Center  
  20  1:47  Supply Depot  
  20  1:52  SCV  
  21  1:59  Marine  
  22  2:04  SCV  
  22  2:06  Factory  
  23  2:09  Refinery  
  23  2:15  Bunker  
  23  2:17  SCV  
  23  2:21  Barracks Reactor  
  24  2:29  SCV  
  25  2:41  SCV  
  26  2:50  Orbital Command  
  28  2:51  Hellion  
  28  2:53  SCV, Starport  
  28  2:56  Marine  
  30  2:59  Marine  
  31  3:06  SCV  
  32  3:14  Widow Mine  
  32  3:17  SCV  
  32  3:18  SCV  
  36  3:26  Marine x2  
  37  3:29  Supply Depot  
  37  3:30  Medivac  
  37  3:31  SCV x2  
  41  3:35  Widow Mine  
  43  3:43  SCV x2  
  43  3:45  Barracks  
  45  3:51  Marine x2  
  45  3:55  SCV x2  
  49  3:56  Barracks  
  49  4:02  Starport Tech Lab, Factory Tech Lab  
  49  4:07  SCV x2  
  49  4:09  Marine x2  
  53  4:12  Supply Depot  
  53  4:19  SCV  
  53  4:22  Engineering Bay  
  54  4:33  Marine x2  
  54  4:34  SCV x2  
  58  4:38  Starport Reactor, Factory Reactor  
  56  4:45  Stimpack  
  56  4:46  SCV x2  
  56  4:47  Marine  
  56  4:51  Terran Infantry Weapons Level 1  
  56  4:52  Combat Shield, Marine, Supply Depot, Refinery  
  58  4:54  Refinery  
  58  4:56  Marine x2  
  58  4:58  SCV x2  
  62  5:05  Supply Depot  
  62  5:11  Supply Depot  
  62  5:13  SCV x2, Marine x2  
  62  5:14  Marauder  
  68  5:16  Marauder  
  70  5:26  Widow Mine x2, Medivac x2  
  70  5:28  Supply Depot  
  78  5:33  SCV x2  
  78  5:35  Marine x2, Marauder  
  82  5:37  Marauder  
  86  5:47  SCV x2  
  90  5:50  Widow Mine x2  
  90  5:51  Supply Depot  
  90  5:58  Medivac, Supply Depot x2  
  90  6:02  Medivac  
  94  6:11  Concussive Shells  
  94  6:12  Marine x2  
  94  6:13  Marauder x2  
  100  6:19  Widow Mine x2  
  100  6:24  SCV x2  
  105  6:36  Command Center  
  105  6:43  Marine, Marauder  
  105  6:44  Marine, Marauder  
  105  6:45  Terran Infantry Armor Level 1  
  107  6:50  SCV x2  
  107  6:57  Widow Mine x2  
  103  7:01  Barracks  
  103  7:02  Barracks  
  103  7:06  Marauder x2  
  103  7:08  Marine x2  
  98  7:11  SCV x2  
  95  7:18  Widow Mine x2  
  97  7:23  SCV x2  
  97  7:27  Marauder, Medivac x2  
  97  7:28  Marauder  
  101  7:36  Ghost Academy  
  101  7:37  Marine  
  101  7:41  Marine  
  101  7:44  SCV x2  
  104  7:46  Widow Mine  
  104  7:47  Widow Mine  
  104  7:49  Marauder x2  
  104  7:50  Barracks Tech Lab  
  112  7:52  Orbital Command, Barracks Reactor  
  112  7:57  Armory  
  112  8:00  Marine x2  
  112  8:02  SCV x2  
  116  8:07  Widow Mine  
  116  8:09  Ghost, Widow Mine  
  122  8:13  Ghost  
  122  8:19  SCV  
  125  8:20  SCV x2  
  125  8:22  Supply Depot  
  125  8:24  Ghost, Supply Depot  
  125  8:25  Marine x2  
  128  8:28  Widow Mine  
  128  8:30  Marine x2, Widow Mine  
  126  8:36  Medivac x2  
  126  8:37  SCV x3  
  126  8:41  Marauder  
  132  8:43  Marine  
  132  8:44  Marauder  
  133  8:50  Widow Mine  
  133  8:51  Widow Mine  
  133  8:55  Marauder  
  130  9:01  Marine  
  130  9:02  Marauder, Marine  
  130  9:04  SCV x2  
  130  9:05  SCV  
  130  9:06  Marauder  
  133  9:15  Marine  
  133  9:16  Marauder, Marine  
  137  9:18  Command Center  
  137  9:23  Marauder, Marine x2  
  137  9:24  Viking x2  
  143  9:26  Refinery  
  143  9:27  Refinery  
  143  9:29  Supply Depot  
  147  9:31  Marauder  
  147  9:33  Marine x2  
  149  9:39  Terran Infantry Weapons Level 2  
  149  9:43  Widow Mine x2  
  153  9:46  Missile Turret  
  153  9:49  Marauder x2  
  159  9:53  Marauder  
  159  9:54  Marine x2  
  159  9:55  Marine x2  
  163  10:04  Widow Mine  
  164  10:12  SCV  
  165  10:21  Supply Depot x2  
  165  10:22  Supply Depot  
  165  10:26  Marine  
  165  10:27  SCV  
  165  10:29  SCV, Marine  
  165  10:30  Marine x2  
  165  10:35  Marauder x3, Widow Mine  
  166  10:41  Widow Mine  
  147  10:43  Marine  
  147  10:47  Marine  
  147  10:48  Marine x2  
  130  10:56  Marauder, Widow Mine, Marine x2  
  132  10:58  Liberator x2  
  132  10:59  Barracks x2  
  132  11:00  Barracks  
  132  11:01  Marine  
  132  11:02  Widow Mine  
  141  11:05  SCV x3, Marine  
  141  11:09  Marine x2  
  147  11:14  Marauder x2  
  147  11:17  Widow Mine, Marine  
  147  11:18  Engineering Bay  
  152  11:19  Marine  
  152  11:23  SCV x3  
  152  11:24  Widow Mine  
  158  11:35  Marauder x2  
  158  11:36  Marauder  
  158  11:39  Marine x2  
  163  11:40  Marine x2  
  163  11:43  Widow Mine  
  163  11:45  Planetary Fortress, Widow Mine  
  168  11:48  Barracks Reactor, Barracks Tech Lab  
  168  11:52  Terran Infantry Armor Level 2  
  168  11:53  Viking  
  170  11:55  Barracks Tech Lab  
  170  11:56  Viking  
  170  12:01  Marauder x2  
  176  12:03  Marine x3  
  176  12:06  Missile Turret  
  179  12:08  Missile Turret  
  174  12:17  Marauder x3  
  174  12:20  Marine  
  174  12:21  Marine x3  
  155  12:37  Marauder  
  155  12:39  Marine x3  
  155  12:40  Marine  
  155  12:43  Marine  
  152  12:44  Marine  
  152  12:45  Marine x2  
  152  12:48  Marine x2  
  139  12:57  Marine  
  120  12:59  Marauder  
  120  13:01  Marine x4  
  120  13:02  Marine  
  120  13:03  Marine  
  117  13:08  SCV x3  
  117  13:10  SCV  
  123  13:20  SCV  
  123  13:21  SCV x2  
  123  13:22  SCV  
  123  13:23  Terran Infantry Weapons Level 3  
  123  13:28  Marauder x3  
  123  13:32  SCV, Marauder x2  
  134  13:34  Marine, SCV  
  134  13:35  Marine x3  
  134  13:40  Widow Mine x2  
  141  13:45  Marine x2  
  143  13:49  Marine  
  143  13:54  Ghost x2  
  148  13:58  Marine x3  
  151  14:03  Widow Mine x2  
  151  14:04  Ghost x2  
  151  14:06  Ghost  
  151  14:08  Marine x3  
  164  14:23  Ghost  
  166  14:24  Command Center  
  166  14:26  SCV x3  
  166  14:31  Liberator x2  
  165  14:38  SCV  
  160  14:46  Marauder x2  
  160  14:51  Marine x5  
  154  14:53  Widow Mine  
  154  14:54  Widow Mine  
  154  14:56  Marauder x2  
  160  15:04  Sensor Tower  
  162  15:07  Marauder x2  
  164  15:19  Marauder x2  
  134  15:22  Marine x5  
  134  15:25  Widow Mine x2  
  134  15:26  Marauder  
  134  15:28  Marauder, Marine x2  
  126  15:40  Terran Infantry Armor Level 3  
  122  15:43  SCV  
  122  15:46  Widow Mine x2  
  126  15:55  SCV x3  
  129  16:00  Ghost  
  129  16:01  Ghost x2  
  129  16:03  Planetary Fortress  
  139  16:18  Widow Mine x2  
  139  16:19  Marauder x2  
  139  16:21  Marine x5  
  148  16:34  Sensor Tower, SCV x3  
  148  16:35  Missile Turret, SCV  
  148  16:37  Marauder x2  
  148  16:38  Marine  
  157  16:43  Missile Turret  
  157  16:45  Liberator  
  157  16:46  SCV x3  
  163  16:51  Liberator  
  166  16:59  Personal Cloaking  
  166  17:01  Terran Ship Weapons Level 1  
  166  17:02  Ghost  
  166  17:04  Missile Turret, Refinery  
  166  17:05  Refinery  
  166  17:06  Refinery  
  166  17:07  Refinery  
  168  17:10  Widow Mine x2  
  168  17:13  Ghost  
  168  17:14  Marauder  
  168  17:15  Marine x3  
  179  17:16  Marine x2  
  179  17:25  Ghost  
  181  17:31  Widow Mine  
  181  17:36  Missile Turret  
  181  17:44  Liberator  
  181  17:50  Command Center  
  181  17:51  Fusion Core, Missile Turret  
  184  17:52  Command Center  
  184  17:55  SCV  
  181  18:04  Widow Mine  
  181  18:05  Widow Mine  
  185  18:07  SCV  
  186  18:13  Command Center  
  186  18:14  Missile Turret  
  186  18:15  Marine, Marauder x2  
  186  18:19  SCV  
  192  18:30  Ghost x2  
  192  18:31  SCV  
  192  18:33  Nuke  
  195  18:35  Liberator  
  195  18:39  Caduceus Reactor  
  198  18:43  Widow Mine  
  193  19:03  Medivac  
  193  19:08  Widow Mine x2  
  199  19:13  Orbital Command  
  199  19:25  Hi-Sec Auto Tracking  
  199  19:26  Missile Turret  
  199  19:29  Orbital Command  
  199  19:30  Starport  
  199  19:36  Advanced Ballistics  
  196  19:49  Planetary Fortress, Liberator  
  180  20:00  Marine  
  180  20:01  Marine x3, Marauder x3  
  180  20:02  Widow Mine x2  
  180  20:06  Marine x2  
  183  20:09  Starport Reactor  
  183  20:13  SCV x5  
  186  20:16  Nuke  
Show
View Real Time Build Order
Export as new Build Order

DKZJieShi Protoss 

Build Orders: 1 Gate Expand, Double Forge, Blink Stalkers 

Get SALT Encoding   

  12  0:00  Probe  
  13  0:12  Probe  
  14  0:18  Pylon  
  14  0:24  Probe (Chrono Boost)  
  15  0:36  Gateway  
  15  0:37  Probe (Chrono Boost)  
  16  0:44  Probe (Chrono Boost)  
  16  0:45  Assimilator  
  17  0:51  Probe  
  18  1:03  Probe  
  19  1:15  Probe  
  20  1:24  Cybernetics Core  
  20  1:33  Nexus  
  20  1:38  Pylon  
  20  1:40  Probe  
  20  1:47  Assimilator  
  21  1:52  Probe  
  22  1:57  Adept (Chrono Boost)  
  22  2:00  Warp Gate  
  24  2:04  Probe  
  25  2:14  Twilight Council  
  25  2:16  Probe  
  25  2:22  Stalker (Chrono Boost)  
  26  2:28  Probe  
  29  2:43  Probe (Chrono Boost)  
  30  2:44  Gateway  
  30  2:47  Probe (Chrono Boost)  
  30  2:49  Blink (Chrono Boost)  
  31  2:57  Probe x2 (Chrono Boost)  
  33  3:02  Probe (Chrono Boost)  
  33  3:05  Probe  
  35  3:14  Probe  
  35  3:16  Robotics Facility  
  36  3:21  Probe  
  36  3:27  Probe  
  36  3:33  Probe  
  38  3:40  Nexus  
  37  3:42  Pylon, Probe  
  37  3:48  Probe  
  38  3:54  Probe  
  39  3:57  Stalker  
  39  4:00  Probe  
  42  4:04  Observer  
  42  4:06  Probe  
  42  4:09  Forge  
  42  4:11  Forge  
  42  4:12  Probe  
  42  4:15  Stalker  
  45  4:18  Probe  
  45  4:23  Pylon  
  46  4:24  Probe  
  46  4:25  Observer  
  46  4:28  Stalker  
  50  4:34  Probe  
  50  4:36  Probe  
  51  4:40  Protoss Ground Armor Level 1 (Chrono Boost)  
  50  4:45  Charge  
  50  4:47  Probe (Chrono Boost)  
  50  4:50  Probe (Chrono Boost)  
  50  4:51  Gateway  
  52  4:54  Probe (Chrono Boost)  
  53  5:05  Probe (Chrono Boost)  
  53  5:06  Probe x2 (Chrono Boost)  
  56  5:10  Probe (Chrono Boost)  
  56  5:12  Probe  
  56  5:13  Probe  
  59  5:21  Gateway  
  59  5:22  Probe, Pylon  
  59  5:24  Probe  
  59  5:25  Probe  
  59  5:28  Stalker x2  
  64  5:35  Gateway  
  66  5:36  Gateway, Probe  
  66  5:37  Probe  
  68  5:48  Gateway  
  68  5:49  Gateway, Probe x2  
  70  5:50  Gateway  
  70  5:52  Gateway  
  70  5:55  Sentry, Shield Battery  
  71  6:01  Immortal (Chrono Boost)  
  71  6:02  Pylon  
  75  6:10  Pylon  
  75  6:12  Photon Cannon  
  75  6:13  Observer  
  75  6:15  Shield Battery  
  75  6:21  Pylon  
  75  6:23  Photon Cannon, Stalker  
  75  6:24  Stalker  
  75  6:25  Zealot  
  81  6:27  Zealot  
  83  6:40  Stalker  
  83  6:41  Stalker  
  83  6:44  Zealot x2  
  83  6:45  Zealot  
  93  6:53  Zealot x2  
  95  6:56  Zealot x2  
  95  6:57  Zealot, Immortal  
  97  7:01  Protoss Ground Weapons Level 1 (Chrono Boost)  
  97  7:03  Probe  
  97  7:08  Zealot x2  
  88  7:17  Nexus  
  84  7:28  Zealot  
  84  7:29  Zealot x3  
  85  7:31  Zealot  
  85  7:32  Zealot  
  85  7:33  Probe  
  85  7:34  Probe x2  
  94  7:40  Observer, Zealot  
  94  7:41  Zealot x2  
  99  7:44  Forge  
  99  7:45  Zealot  
  99  7:49  Pylon, Probe  
  99  7:51  Zealot x3  
  108  7:59  Pylon  
  108  8:00  Pylon  
  108  8:03  Observer  
  109  8:09  Pylon  
  109  8:10  Photon Cannon, Shield Battery  
  109  8:17  Pylon  
  107  8:25  Zealot x4  
  107  8:26  Zealot  
  107  8:29  Zealot x3  
  107  8:33  Immortal  
  104  8:34  Zealot x2  
  104  8:38  Probe  
  102  8:45  Protoss Ground Weapons Level 2 (Chrono Boost)  
  102  8:47  Zealot x4, Protoss Ground Armor Level 2 (Chrono Boost)  
  102  8:48  Zealot  
  106  8:50  Probe  
  97  9:06  Zealot x3  
  97  9:07  Zealot x2  
  97  9:08  Observer  
  106  9:10  Probe (Chrono Boost)  
  106  9:13  Probe (Chrono Boost)  
  106  9:14  Probe x2 (Chrono Boost)  
  106  9:20  Probe (Chrono Boost)  
  106  9:21  Observer  
  106  9:23  Robotics Bay  
  107  9:24  Zealot x3, Shield Battery  
  113  9:34  Observer  
  113  9:37  Zealot  
  113  9:38  Zealot x4  
  124  9:49  Zealot  
  124  9:50  Zealot x4  
  134  10:06  Stalker x4  
  131  10:13  Pylon  
  127  10:15  Zealot x5  
  127  10:16  Zealot  
  127  10:20  Pylon  
  139  10:28  Observer  
  134  10:32  Zealot x4  
  112  10:37  Zealot x3  
  112  10:40  Zealot x2  
  112  10:41  Zealot  
  89  10:53  Disruptor (Chrono Boost)  
  89  10:56  Stalker  
  84  10:58  Zealot x5  
  84  10:59  Stalker  
  96  11:05  Zealot x2  
  96  11:06  Zealot  
  96  11:08  Probe  
  100  11:12  Probe  
  100  11:17  Photon Cannon  
  101  11:20  Photon Cannon, Stalker  
  101  11:21  Zealot, Stalker  
  101  11:22  Zealot  
  101  11:24  Probe  
  101  11:25  Probe  
  111  11:29  Zealot  
  113  11:37  Probe x2  
  111  11:41  Zealot x4  
  111  11:42  Disruptor (Chrono Boost)  
  115  11:49  Probe  
  115  11:52  Zealot x4  
  115  11:53  Zealot  
  126  12:00  Nexus  
  126  12:01  Probe  
  127  12:03  Pylon  
  127  12:15  Stalker x2  
  127  12:16  Zealot x4, Stalker  
  127  12:17  Zealot  
  137  12:23  Zealot x2  
  137  12:38  Zealot x5  
  137  12:39  Zealot x2  
  137  12:41  Nexus  
  137  12:42  Disruptor (Chrono Boost)  
  137  12:43  Pylon  
  155  12:48  Zealot x3  
  148  12:54  Observer  
  120  13:02  Zealot x3  
  120  13:03  Zealot x4  
  120  13:04  Probe  
  127  13:12  Shield Battery  
  119  13:14  Photon Cannon  
  119  13:15  Disruptor (Chrono Boost)  
  119  13:16  Probe  
  119  13:19  Zealot x3  
  130  13:30  Zealot x2  
  130  13:31  Zealot x3  
  130  13:34  Pylon  
  136  13:47  Disruptor (Chrono Boost)  
  132  13:51  Zealot x5  
  132  13:52  Zealot x2  
  132  13:55  Zealot, Stalker x2  
  149  13:59  Observer  
  147  14:09  Photon Cannon  
  145  14:11  Pylon  
  145  14:14  Zealot x3  
  145  14:15  Zealot x5  
  145  14:16  Probe (Chrono Boost)  
  156  14:22  Disruptor  
  160  14:26  Probe (Chrono Boost)  
  159  14:36  Zealot x5  
  159  14:37  Zealot x3  
  173  14:40  Zealot x2  
  150  14:57  Zealot  
  150  14:58  Zealot x6  
  168  15:01  Observer (Chrono Boost)  
  168  15:03  Zealot x2, Stalker  
  117  15:23  Stalker  
  117  15:24  Stalker x2  
  117  15:25  Zealot x6  
  117  15:26  Zealot  
  89  15:48  Zealot x4  
  89  15:49  Zealot x5, Stalker  
  106  15:55  Assimilator  
  106  15:56  Assimilator  
  106  15:58  Assimilator x2  
  106  16:11  Stalker x2  
  108  16:16  Zealot  
  108  16:17  Zealot x5  
  108  16:18  Zealot x2  
  126  16:30  Assimilator  
  126  16:32  Assimilator  
  126  16:33  Nexus  
  126  16:34  Observer (Chrono Boost)  
  126  16:35  Zealot x2  
  126  16:36  Protoss Ground Armor Level 3 (Chrono Boost)  
  126  16:37  Pylon  
  129  16:49  Disruptor (Chrono Boost)  
  129  16:51  Zealot x4  
  129  16:52  Zealot  
  129  16:54  Zealot x3  
  145  17:10  Stalker  
  145  17:11  Zealot x4  
  145  17:14  Zealot  
  145  17:15  Zealot  
  156  17:24  Protoss Ground Weapons Level 3 (Chrono Boost)  
  156  17:27  Photon Cannon  
  151  17:35  Stalker x2  
  151  17:36  Stalker  
  151  17:37  Zealot x3  
  159  17:41  Observer (Chrono Boost)  
  164  17:55  Disruptor (Chrono Boost)  
  164  17:57  Stalker x3  
  171  17:59  Probe (Chrono Boost)  
  167  18:09  Probe (Chrono Boost)  
  169  18:13  Probe (Chrono Boost)  
  169  18:14  Stalker  
  169  18:15  Stalker x2  
  169  18:19  Probe (Chrono Boost)  
  177  18:20  Probe (Chrono Boost)  
  177  18:21  Disruptor (Chrono Boost)  
  177  18:22  Robotics Facility  
  179  18:36  Probe  
  179  18:37  Probe  
  179  18:38  Photon Cannon  
  179  18:40  Shield Battery  
  181  18:43  Stalker  
  181  18:48  Probe  
  181  18:49  Probe  
  183  18:55  Disruptor (Chrono Boost)  
  171  19:03  Protoss Shields Level 1 (Chrono Boost)  
  171  19:05  Stalker  
  171  19:06  Zealot x2, Stalker x2  
  178  19:10  Observer (Chrono Boost)  
  178  19:15  Probe (Chrono Boost)  
  180  19:18  Probe (Chrono Boost)  
  180  19:22  Disruptor (Chrono Boost)  
  181  19:24  Dark Shrine  
  181  19:25  Probe (Chrono Boost)  
  181  19:26  Probe (Chrono Boost)  
  181  19:29  Observer  
  173  19:48  Disruptor  
  168  19:53  Disruptor  
  132  20:06  Zealot x2  
  132  20:07  Zealot x6  
  106  20:08  Zealot x2  
  119  20:15  Disruptor  
  117  20:23  Disruptor  
  114  20:34  Zealot  
  114  20:35  Zealot x5  
  108  20:36  Zealot x2  
  108  20:38  Pylon  
  112  20:44  Pylon  
  111  20:54  Zealot x2  
  111  20:55  Stalker  

Tags
 
Add a new tag
Caveats
  • Supply blocks, unpowered buildings, or Contaminate may cause inaccurate times.
  • Supply counts are checked every 10 seconds.